AoeStats
← FM-TheVoid

Oasis

507846742Analyzed
2v2 RM · 12d ago on Sep 19, 2026· 29m 8s· 4 players
Game mode
Random Map
Map size
Medium (4 player)
Population
200
Speed
Normal
Resources
Standard
Victory
Conquest
Starting age
Dark Age
Ending age
Imperial Age
RankedLock teamsTeams togetherTeam positionsShared explorationLock speedFull tech treeHidden civsTurbo modeCheats
Victory
Defeat
🇲🇽 Sicilians · Mexico
1191
+18
🇲🇽 Persians · Mexico
1174
+18
🇵🇪 Muisca · Peru
1237
-18
🇦🇷 Franks · Argentina
1219
-18
FM-TheVoid
5:27 Loom
10:21 Feudal Age
11:02 Double-Bit Axe
17:58 Castle Age
⚡ MACE WINDU ⚡
6:59 Loom
9:04 Feudal Age
14:55 Fletching
17:32 Padded Archer Armor
22:49 Castle Age
21:09 Double-Bit Axe
22:52 Crossbowman
23:28 Bodkin Arrow
25:37 Bow Saw
27:49 Wheelbarrow
cortezperez200
10:14 Feudal Age
20:55 Castle Age
19:26 Double-Bit Axe
20:39 Forging
21:44 Pikeman
23:28 Wheelbarrow
23:31 Scale Mail Armor
23:42 Gold Mining
23:39 Horse Collar
Soldado1rken
0:26 Loom
10:35 Feudal Age
11:53 Double-Bit Axe
15:45 Wheelbarrow
17:27 Fletching
19:40 Padded Archer Armor
20:24 Town Watch
24:49 Castle Age
24:23 Scale Barding Armor
24:11 Horse Collar
25:03 Bloodlines
25:07 Elite Skirmisher
Connection lost

Rejoining the realm…

Still unreachable

The connection could not be restored.

Session expired

The server has moved on; the page needs a fresh start.